 Dungeon Crawl Stone Soup version 0.29.0-4-gdea44cf6ec (webtiles) character file.

Game seed: 7975153586426184054

98 qw the Chopper (level 4, 0/35 HPs)
             Began as a Demonspawn Cinder Acolyte on Sept 9, 2022.
             Was a High Priest of Ignis.
             Succumbed to a kobold's poison
             ... on level 3 of the Dungeon.
             The game lasted 00:00:43 (2331 turns).

qw the Chopper (Demonspawn Cinder Acolyte)          Turns: 2331, Time: 00:00:43

Health: 0/35       AC: 15    Str: 17    XL:     4   Next: 43%
Magic:  5/5        EV:  6    Int: 15    God:    Ignis [*****.]
Gold:   137        SH:  4    Dex:  8    Spells: 5/5 levels left

rFire   + . .      SeeInvis .   Y - -1 hand axe (flame)
rCold   . . .      Faith    .   (no shield)
rNeg    . . .      Spirit   .   i - +0 chain mail
rPois   .          Reflect  .   (no helmet)
rElec   .          Harm     .   (no cloak)
rCorr   .          Rampage  .   (no gloves)
Will    .....                   (no boots)
Stlth   ..........              (no amulet)
HPRegen 0.11/turn               (no ring)
MPRegen 0.09/turn               (no ring)

@: lethally poisoned (0 -> -7), fiery-armoured
A: powered by death 1, condensation shield, weakness stinger 1
a: Renounce Religion, Fiery Armour, Foxfire Swarm, Rising Flame


You were on level 3 of the Dungeon.
You worshipped Ignis.
Ignis was extremely pleased with you.
You visited 1 branch of the dungeon, and saw 3 of its levels.

You collected 163 gold pieces.
You spent 26 gold pieces at shops.


Innate Abilities, Weirdness & Mutations

You regenerate a little health from kills.
A meltable shield of frost defends you. (SH +4)
You have a small tail.


   Skills:
 - Level 3.0 Fighting
 - Level 4.5 Axes
 + Level 0.3 Armour
 - Level 1.0 Dodging
 - Level 1.0 Spellcasting
 - Level 2.6 Fire Magic


You had 5 spell levels left.
You didn't know any spells.
Your spell library contained the following spells:

 Spells                   Type           Power      Damage    Failure   Level
 Scorch                   Fire           16%        2d5       91%         2

Inventory:

Hand Weapons
 Y - a -1 hand axe of flaming (weapon)
Missiles
 d - 4 boomerangs (quivered)
Armour
 c - a +0 helmet
 i - a +0 chain mail (worn)
Scrolls
 e - 4 scrolls of identify
 f - a scroll of teleportation
Potions
 a - a potion of haste
 b - a potion of heal wounds {unknown}

Dungeon Overview and Level Annotations

Branches:
Dungeon (3/15)

Altars:

Shops:
D:1 ?

Annotations:
D:3 Grinder


Message History

Grinder is severely wounded.
Grinder hits you but does no damage.
You closely miss Grinder.
Your tail-slap misses Grinder.
Grinder is severely wounded.
Grinder hits you but does no damage.
You barely miss Grinder.
Grinder is severely wounded.
Grinder gestures at you. Pain shoots through your body!
You hit Grinder. You burn Grinder.
Grinder is almost dead.
Grinder hits you.
You writhe in agony.
2324 ||| INVOKING Fiery Armour.
A protective cloak of flame settles atop you.
Grinder blinks!
Grinder gestures at you. Pain shoots through your body!
2326 ||| READING 2 scrolls of teleportation.
As you read the scroll of teleportation, it crumbles to dust.
You feel strangely unstable.
You closely miss Grinder.
Grinder is almost dead.
Grinder gestures at you.
You barely resist. You barely miss Grinder.
Grinder is almost dead.
Grinder hits you but does no damage.
Grinder is burned by your cloak of flames.
Grinder is almost dead.
You barely miss Grinder.
Your tail-slap misses Grinder.
Grinder is almost dead.
Your surroundings suddenly seem different.
A kobold comes into view.
It is wielding a +0 short sword and quivering poisoned darts.
The kobold throws a poisoned dart.
The poisoned dart hits you!
You are lethally poisoned!
Enter note:
2330 ||| FLEEEEING.
You feel sick.
2331 ||| FLEEEEING.
Found a scroll of identify.
You die...

############ ##########
...........####.........
.......K......#.##...###
............# #.........
#...........# #..#...###
#......@....# #..##.....
............# #.....#...
?#..........# #.....#...
#..........#.#.....#<..
#..........#.#.....#...
#..........#.#.........
.....................>..
.#..........#...........
....###.#.##...#


You could see a kobold.

Vanquished Creatures
  4 gnolls (D:2)
  A worm (D:2)
  3 ball pythons
  7 endoplasms
  A giant cockroach (D:2)
  3 goblins
  3 hobgoblins
  11 jackals
  5 kobolds
  3 bats (D:1)
  10 rats
51 creatures vanquished.

Notes
Turn   | Place    | Note
-------+----------+-------------------------------------------
     0 | D:1      | qw the Demonspawn Cinder Acolyte began the quest for the
                  | Orb.
     0 | D:1      | Reached XP level 1. HP: 18/18 MP: 2/2
     0 | D:1      | 0 ||| qw: Version: 0.1-a-113-g051387a
     0 | D:1      | 0 ||| qw: Game counter: 7137
     0 | D:1      | 0 ||| qw: Always use a shield: true
     0 | D:1      | 0 ||| qw: God list: Okawaru
     0 | D:1      | 0 ||| qw: Allow faded altars: false
     0 | D:1      | 0 ||| qw: Do Orc after D:15 true
     0 | D:1      | 0 ||| qw: Do second Lair branch before Depths: true
     0 | D:1      | 0 ||| qw: Lair rune preference: random
     0 | D:1      | 0 ||| qw: Plans: Normal
     0 | D:1      | 0 ||| PLANNING D:1-11
   172 | D:1      | Reached skill level 3 in Axes
   297 | D:1      | Gained mutation: You regenerate a little health from kills.
                  | [demonic ancestry]
   297 | D:1      | Reached XP level 2. HP: 17/24 MP: 3/3
   381 | D:1      | Found a faded altar of an unknown god.
   395 | D:1      | 395 ||| INVOKING Fiery Armour.
   476 | D:1      | Found Ximisam's Magic Scroll Shop.
   484 | D:1      | 484 ||| SHOPLISTING scroll of acquirement (676 gold, have
                  | 40).
   484 | D:1      | 484 ||| BUYING scroll of identify (26 gold).
   484 | D:1      | Bought a scroll of identify for 26 gold pieces
   484 | D:1      | 484 ||| SHOPLISTING scroll of identify (26 gold, have 14).
   484 | D:1      | 484 ||| SHOPLISTING scroll of teleportation (39 gold, have
                  | 14).
   944 | D:1      | 944 ||| Stepping ~*~*~tactically~*~*~ (stealth).
   982 | D:1      | Gained mutation: You have a small tail. [demonic ancestry]
   982 | D:1      | Reached XP level 3. HP: 29/29 MP: 4/4
  1184 | D:1      | 1184 ||| READING scroll labelled EHUBOE VOKA.
  1185 | D:1      | 1185 ||| READING scroll labelled QOATECZ QEIZO.
  1286 | D:1      | 1286 ||| READING scroll labelled RYROUPT LODE.
  1287 | D:1      | 1287 ||| READING scroll labelled VOSUEVVE DIXIB.
  1291 | D:1      | 1291 ||| DRINKING 2 yellow potions.
  1292 | D:1      | 1292 ||| DROPPING potion of invisibility.
  1564 | D:2      | Reached skill level 4 in Axes
  1602 | D:2      | 1602 ||| Stepping ~*~*~tactically~*~*~ (stealth).
  1603 | D:2      | 1603 ||| Stepping ~*~*~tactically~*~*~ (stealth).
  1604 | D:2      | 1604 ||| Stepping ~*~*~tactically~*~*~ (stealth).
  1605 | D:2      | 1605 ||| Stepping ~*~*~tactically~*~*~ (stealth).
  1624 | D:2      | 1624 ||| Stepping ~*~*~tactically~*~*~ (stealth).
  1646 | D:2      | Reached skill level 1 in Dodging
  1646 | D:2      | 1646 ||| Stepping ~*~*~tactically~*~*~ (stealth).
  1654 | D:2      | 1654 ||| Stepping ~*~*~tactically~*~*~ (stealth).
  1656 | D:2      | 1656 ||| Stepping ~*~*~tactically~*~*~ (stealth).
  1657 | D:2      | 1657 ||| Stepping ~*~*~tactically~*~*~ (stealth).
  1665 | D:2      | 1665 ||| Stepping ~*~*~tactically~*~*~ (stealth).
  1666 | D:2      | 1666 ||| Stepping ~*~*~tactically~*~*~ (stealth).
  1671 | D:2      | 1671 ||| Stepping ~*~*~tactically~*~*~ (stealth).
  1739 | D:2      | 1739 ||| Stepping ~*~*~tactically~*~*~ (stealth).
  1740 | D:2      | 1740 ||| Stepping ~*~*~tactically~*~*~ (stealth).
  1743 | D:2      | 1743 ||| INVOKING Fiery Armour.
  1746 | D:2      | Gained mutation: A meltable shield of frost defends you.
                  | (SH +4) [demonic ancestry]
  1746 | D:2      | Reached XP level 4. HP: 35/35 MP: 5/5
  2086 | D:2      | 2086 ||| UPGRADING to +0 chain mail.
  2096 | D:2      | 2096 ||| DROPPING +0 robe.
  2097 | D:2      | 2097 ||| DROPPING orb of wrath.
  2098 | D:2      | 2098 ||| READING scroll labelled HANOUPLUDIMM.
  2099 | D:2      | 2099 ||| DRINKING 2 bubbling puce potions.
  2100 | D:2      | 2100 ||| DRINKING 2 emerald potions.
  2153 | D:2      | 2153 ||| READING 6 scrolls of identify.
  2153 | D:2      | 2153 ||| IDENTIFYING fuming inky potion
  2154 | D:2      | 2154 ||| READING 5 scrolls of identify.
  2154 | D:2      | 2154 ||| IDENTIFYING glowing brown potion
  2155 | D:2      | 2155 ||| DROPPING potion of flight.
  2156 | D:2      | 2156 ||| DROPPING potion of berserk rage.
  2157 | D:2      | 2157 ||| DROPPING potion of lignification.
  2307 | D:3      | Noticed Grinder
  2307 | D:3      | Paralysed by Grinder for 2 turns
  2309 | D:3      | 2309 ||| Stepping ~*~*~tactically~*~*~ (hiding).
  2310 | D:3      | 2310 ||| Stepping ~*~*~tactically~*~*~ (hiding).
  2324 | D:3      | 2324 ||| INVOKING Fiery Armour.
  2325 | D:3      | HP: 4/35 [Grinder/nerve-wracking pain (12)]
  2326 | D:3      | 2326 ||| READING 2 scrolls of teleportation.
  2330 | D:3      | 2330 ||| FLEEEEING.
  2330 | D:3      | HP: 2/35 [poisoned by a kobold]
  2331 | D:3      | 2331 ||| FLEEEEING.
  2331 | D:3      | Succumbed to a kobold's poison

Levels and vault maps discovered:
D:1:      erik_arrival_triangle_small, layout_basic, serial_shops, shop,
          basic_ecumenical_altar, nrook_mini_backslash
D:2:      layout_loops_cross
D:3:      layout_basic, serial_shops, shop, st_stairs_2, uniq_grinder,
          uniq_sigmund, uniq_robin

Skill      XL: |  1  2  3 |
---------------+----------+-----
Axes           | 3 4 |  4.5
Dodging        | 1 |  1.0
Fighting       | |  3.0
Armour         | |  0.3
Spellcasting   | |  1.0
Fire Magic     | |  2.6

Action                   |  1- 3 |  4- 6 || total
-------------------------+-------+-------++-------
Melee: Hand axe          |    90 |    28 ||   118
       Tailslap          |     3 |     3 ||     6
       Punch             |     1 |       ||     1
Throw: Boomerang         |    29 |    10 ||    39
Invok: Fiery Armour      |     2 |     1 ||     3
  Use: Scroll            |     4 |     4 ||     8
       Potion            |     1 |     2 ||     3
Armor: Robe              |    25 |     2 ||    27
       Chain mail        |       |     6 ||     6
Dodge: Dodged            |    61 |    10 ||    71
Block: Other             |       |     3 ||     3

Table legend:
 A = Non-vault XP
 B = Vault XP
 C = Vault XP percentage of total XP
 D = Non-vault monster count
 E = Vault monster count
 F = Vault count percentage of total count
                 A         B        C        D         E       F
            +---------+---------+-------+---------+---------+-------
      Total |     136 |       4 |   2.9 |      49 |       2 |   3.9
            +---------+---------+-------+---------+---------+-------
        D:1 |      41 |       0 |   0.0 |      24 |       0 |   0.0
        D:2 |      92 |       0 |   0.0 |      23 |       0 |   0.0
        D:3 |       3 |       4 |  57.1 |       2 |       2 |  50.0
            +---------+---------+-------+---------+---------+-------
